 Dungeon Crawl Stone Soup version 0.28-a0-1638-g9123634e07 (webtiles) character file.

Game seed: 14577286797652291940

22965 vishdafish the Carver (level 12, -1/103 HPs)
             Began as a Palentonga Fighter on Jan 25, 2022.
             Was an Elder of Trog.
             Slain by an emperor scorpion (shapeshifter) (3 damage)
             ... in a Gauntlet.
             The game lasted 00:30:34 (20982 turns).

vishdafish the Carver (Palentonga Fighter)         Turns: 20982, Time: 00:30:36

Health: -1/103     AC: 28    Str: 21    XL:     12   Next: 67%
Magic:  12/12      EV: -1    Int: 12    God:    Trog [****..]
Gold:   921        SH: 29    Dex: 15    Spells: 11/11 levels left

rFire   . . .      SeeInvis +   H - +5 long sword "Muaph" {vorpal, Will+ Int+2}
rCold   . . .      Faith    .   L - +18 shield of the Gong {rElec rN+ Will+ EV-5}
rNeg    + + +      Spirit   .   Y - +6 plate armour "Zuguomp" {+Blink rN++ Str-3 SInv}
rPois   +          Reflect  .   (no helmet)
rElec   +          Harm     .   J - +0 cloak {Will+}
rCorr   .          Rampage  .   l - +1 pair of gloves
Will    +++..      NoTele   +   (no barding)
Stlth   ..........              (no amulet)
HPRegen 0.27/turn               u - +6 ring of dexterity
MPRegen 0.13/turn               U - ring of poison resistance

@: mighty, on berserk cooldown, slowed, invisible, curled up, very slow
A: large, rugged brown scales 3, see invisible, deformed body, roll 1, armoured
tail, reflexive curl
a: Rolling Charge, Renounce Religion, Evoke Blink, Berserk, Trog's Hand,
Brothers in Arms


You were in a Gauntlet.
You worshipped Trog.
Trog was greatly pleased with you.
You visited 4 branches of the dungeon, and saw 17 of its levels.
You also visited: Gauntlet.

You collected 1091 gold pieces.
You spent 170 gold pieces at shops.

Inventory:

Hand Weapons
 a - a +0 long sword
 H - the +5 long sword "Muaph" (weapon) {vorpal, Will+ Int+2}
   (You bought it in a shop on level 8 of the Dungeon)

   It inflicts extra damage upon your enemies.
   Int:       It affects your intelligence (+2).
   Will:      It increases your willpower.
Missiles
 p - 2 throwing nets
Armour
 b - a +0 scale mail
 c - a +0 buckler
 g - the +2 scale mail of Levity {rCorr Dex-2 SInv}
   (You found it on level 8 of the Dungeon)

   Dex:       It affects your dexterity (-2).
   SInv:      It lets you see invisible.
   rCorr:     It protects you from acid and corrosion.
 l - a +1 pair of gloves (worn)
 q - a +0 chain mail
 z - a +3 leather armour of willpower
 J - a +0 cloak of willpower (worn)
 L - the +18 shield of the Gong (worn) {rElec rN+ Will+ EV-5}
   (You found it on level 9 of the Dungeon)

   It is deafeningly noisy when blocking attacks.
   EV:        It affects your evasion (-5).
   rElec:     It insulates you from electricity.
   rN:        It protects you from negative energy.
   Will:      It increases your willpower.
 N - a +2 plate armour of poison resistance
 Y - the +6 plate armour "Zuguomp" (worn) {+Blink rN++ Str-3 SInv}
   (You found it in a Gauntlet)

   Str:       It affects your strength (-3).
   rN:        It greatly protects you from negative energy.
   SInv:      It lets you see invisible.
   +Blink:    It lets you blink.
Jewellery
 u - a +6 ring of dexterity (left hand)
 x - a ring of fire
 C - a ring of flight
 R - a ring of willpower
 U - a ring of poison resistance (right hand)
 V - an amulet of reflection
Wands
 f - a wand of paralysis (3)
 k - a wand of flame (83)
 A - a wand of charming (19)
 E - a wand of acid (10)
 G - a wand of digging (4)
 I - a wand of polymorph (12)
 Q - a wand of mindburst (5)
Scrolls
 e - a scroll of noise {unknown}
 h - a scroll of blinking
 j - a scroll of acquirement {unknown}
 m - a scroll of vulnerability
 s - 2 scrolls of amnesia
 t - a scroll of fear {unknown}
 w - 2 scrolls of summoning {unknown}
 y - 2 scrolls of magic mapping
 B - 7 scrolls of teleportation
 D - a scroll of silence
 K - 2 scrolls of enchant armour
 P - a scroll of brand weapon {unknown}
 S - a scroll of immolation {unknown}
 T - 2 scrolls of enchant weapon {unknown}
Potions
 d - 11 potions of ambrosia
 i - 2 potions of lignification
 o - 3 potions of resistance
 r - 3 potions of degeneration
 F - a potion of magic
 O - a potion of haste {unknown}
 W - a potion of attraction {unknown}
Miscellaneous
 n - a piece from Xom's chessboard (15/15)


   Skills:
 + Level 10.2 Fighting
 * Level 13.7 Long Blades
 + Level 8.6 Armour
 + Level 8.5 Shields


You had 11 spell levels left.
You didn't know any spells.
Your spell library contained the following spells:

 Spells                   Type           Power      Damage    Failure   Level
 Portal Projectile        Hex/Tloc       0%         N/A       100%        3
 Blade Hands              Tmut           0%         N/A       100%        5
 Excruciating Wounds      Necr           0%         N/A       100%        5


Dungeon Overview and Level Annotations

Branches:
Dungeon (11/15)            Temple (1/1) D:7            Lair (3/6) D:9
 Shoals (0/4) Lair:3       Spider (0/4) Lair:2          Orc (2/2) D:11
    Elf (0/3) Orc:2       Gauntlet (1/1)

Altars:
Ashenzari
Cheibriados
Dithmenos
Elyvilon
Fedhas
Gozag
Hepliaklqana
Kikubaaqudgha
Makhleb
Nemelex Xobeh
Okawaru
Qazlal
Ru
Sif Muna
Trog
Uskayaw
Vehumet
Wu Jian
Xom
Yredelemnul
Zin
The Shining One
Beogh

Shops:
D:8 *

Annotations:
Gauntlet 8 transporters, 15 runed translucent doors


Innate Abilities, Weirdness & Mutations

You are completely covered in rugged brown scales. (AC +3, +7% HP)
You have supernaturally acute eyesight. (SInv)
Armour fits poorly on your strangely shaped body.
You can roll at nearby foes to attack.
You have a long armoured tail.
You curl defensively after being hit. (AC +7*)


Message History

You closely miss the emperor scorpion.
The emperor scorpion is severely wounded.
You block the emperor scorpion's attack.
PANG!
The emperor scorpion claws you but does no damage.
The emperor scorpion claws you.
* * * LOW HITPOINT WARNING * * *
You block the emperor scorpion's attack.
GONNNNG!
You block the emperor scorpion's attack.
SHROANNG!
You block the emperor scorpion's attack.
PANG!
You hear a howl! x2; You hear an angry hiss.
Okay, then.
You barely miss the emperor scorpion.
The emperor scorpion is severely wounded.
You block the emperor scorpion's attack.
BOUMMMMG!
You block the emperor scorpion's attack.
SHROANNG!
You block the emperor scorpion's attack.
SHROANNG!
You slash the emperor scorpion! You tail-slap the emperor scorpion!
The emperor scorpion is almost dead.
You block the emperor scorpion's attack.
PANG!
You block the emperor scorpion's attack.
PTOANNNG!
The emperor scorpion claws you but does no damage.
The emperor scorpion stings you!
* * * LOW HITPOINT WARNING * * *
The emperor scorpion claws you but does no damage. x2
You hear an angry hiss.
You hit the emperor scorpion but do no damage.
Your tail-slap misses the emperor scorpion.
The emperor scorpion is almost dead.
You block the emperor scorpion's attack.
GONNNNG!
The emperor scorpion claws you.
You die...

########.#############..#
.......#.#.#..'.©.+..#..#
#...##.#.#.#..'...+..#..#
.#.#.#.#.#.#++#'#+#++#..#####
##.##..#.#.#..+...+..#..#≈8≈#
#.©.#.©#©#.#..+...+..#..#...##
##.##..###.#++#.†.#++####.8...
.#.#.#.#...#..#†s'#..#©.....#
#...##.#...#....@....####.8.##
.......#...#...|©"?..#..#.....
########...###########..#.8.##
.......§.≈.............≈#...#
........≈8≈............∩#.8...
.........§.............§#...##
########...###########..#.8.#
h......#...#.xXxX.)..#..#.....
.....#.#...#x....^...####.8.##


You could see an emperor scorpion shaped shifter, 2 thrashing horrors and 2
small abominations.

Vanquished Creatures
  Josephine (D:10)
  A two-headed ogre (shapeshifter) (Gauntlet)
  A two-headed ogre (D:10)
  Sonja (Lair:1)
  A fire crab (Gauntlet)
  A sea snake (shapeshifter) (Gauntlet)
  A salamander (shapeshifter) (Gauntlet)
  Maurice (D:9)
  An ice statue (Gauntlet)
  2 vault sentinels (D:8)
  A cane toad (D:9)
  Maggie (Lair:2)
  The ghost of MoonlitKnight the Spear-Bearer, a novice MfGl (D:4)
  2 rime drakes
  4 komodo dragons
  A kobold demonologist (D:11)
  A queen bee (D:9)
  A troll (D:10)
  3 blink frogs (D:9)
  A shadow (D:11)
  4 wyverns
  37 yaks
  Eustachio (D:6)
  2 fire bats (Gauntlet)
  4 wraiths (D:10)
  A steam dragon (Lair:2)
  A redback (Lair:2)
  3 vampire mosquitoes
  3 acid dragons (D:10)
  2 water moccasins (Lair:2)
  2 black bears
  8 orc warriors
  2 necrophages
  A hornet zombie (D:8)
  An ice beast (D:5)
  4 ogres
  4 wolves (Lair:1)
  5 centaurs
  2 kobold brigands
  2 gnoll sergeants
  10 bullfrogs
  Blork the orc (D:4)
  3 scorpions
  A water moccasin zombie (D:6)
  11 wights
  26 killer bees
  2 howler monkeys
  2 jellies (D:6)
  3 quasits (D:4)
  6 orc priests
  3 hounds
  A centaur skeleton (D:5)
  An iguana (D:4)
  7 orc wizards
  A killer bee zombie (D:7)
  A howler monkey skeleton (D:7)
  5 gnolls (D:10)
  10 adders
  A shadow imp (D:7)
  2 white imps
  2 adder skeletons (D:4)
  A worm (D:2)
  4 dart slugs
  43 orcs
  3 endoplasms
  3 giant cockroaches
  4 goblins
  4 hobgoblins
  3 jackals (D:3)
  13 kobolds
  6 quokkas
  6 ball pythons
  7 bats
  4 frilled lizards
  3 rats
319 creatures vanquished.

Vanquished Creatures (others)
  A rime drake (Gauntlet)
  18 fungi
  35 plants
54 creatures vanquished.

Grand Total: 373 creatures vanquished

Notes
Turn   | Place    | Note
-------+----------+-------------------------------------------
     0 | D:1      | vishdafish the Palentonga Fighter began the quest for the
                  | Orb.
     0 | D:1      | Reached XP level 1. HP: 19/19 MP: 1/1
   333 | D:1      | Reached XP level 2. HP: 25/25 MP: 2/2
   568 | D:1      | Found a faded altar of an unknown god.
  1200 | D:1      | Reached XP level 3. HP: 31/31 MP: 3/3
  1861 | D:2      | Reached skill level 3 in Long Blades
  2036 | D:2      | Reached XP level 4. HP: 30/37 MP: 4/4
  2505 | D:3      | Noticed a necrophage
  2552 | D:2      | Killed a necrophage
  2553 | D:2      | Reached XP level 5. HP: 21/44 MP: 5/5
  3057 | D:3      | Reached skill level 4 in Long Blades
  3906 | D:4      | Reached XP level 6. HP: 46/51 MP: 6/6
  3991 | D:4      | Noticed Blork the orc
  3996 | D:4      | Killed Blork the orc
  4104 | D:4      | Found a transporter.
  4117 | D:4      | Noticed MoonlitKnight's ghost (novice MfGl)
  4130 | D:4      | Found a transporter.
  4236 | D:4      | Killed MoonlitKnight's ghost
  4237 | D:4      | Reached skill level 5 in Long Blades
  4237 | D:4      | Gained mutation: You curl defensively after being hit. (AC
                  | +7*) [Palentonga growth]
  4237 | D:4      | Reached XP level 7. HP: 13/58 MP: 7/7
  4747 | D:5      | Entered Level 5 of the Dungeon
  5031 | D:5      | Reached skill level 5 in Fighting
  5031 | D:5      | Reached skill level 6 in Long Blades
  5209 | D:5      | Found a hide-covered altar of Uskayaw.
  5453 | D:5      | Reached XP level 8. HP: 29/66 MP: 8/8
  6775 | D:6      | Noticed Eustachio
  6789 | D:6      | Killed Eustachio
  6790 | D:6      | Reached skill level 7 in Long Blades
  7432 | D:5      | Reached skill level 5 in Armour
  7633 | D:5      | Reached skill level 5 in Shields
  7633 | D:5      | Reached XP level 9. HP: 54/73 MP: 9/9
  7843 | D:6      | Reached skill level 8 in Long Blades
  8710 | D:7      | Found a staircase to the Ecumenical Temple.
  8724 | D:7      | Found a white marble altar of Elyvilon.
  8755 | Temple   | Entered the Ecumenical Temple
  9313 | Temple   | Became a worshipper of Trog the Wrathful
  9632 | D:7      | Found a stormy altar of Qazlal.
 10247 | D:7      | HP: 2/75 [wyvern (13)]
 10261 | D:7      | Reached skill level 9 in Long Blades
 10610 | D:8      | Identified the +2 scale mail of Levity {rCorr Dex-2 SInv}
 10717 | D:8      | Found an opulent altar of Gozag.
 11155 | D:8      | Found Voipeiri's Assorted Antiques.
 11174 | D:8      | Bought a dazzling long sword for 170 gold pieces
 11174 | D:8      | Identified the +5 long sword "Muaph" {vorpal, Will+ Int+2}
                  | (You bought it in a shop on level 8 of the Dungeon)
 11488 | D:9      | Noticed a komodo dragon
 11492 | D:9      | Reached XP level 10. HP: 74/84 MP: 10/10
 11647 | D:9      | Reached * piety under Trog
 13343 | D:9      | Reached skill level 10 in Long Blades
 13580 | D:9      | Noticed Maurice
 13589 | D:9      | Killed Maurice
 13672 | D:9      | Identified the +3 whip "Ytefobb" {speed, Dex+6 Stlth-}
 14038 | D:9      | Found an iron altar of Okawaru.
 14147 | D:9      | Noticed a vault sentinel
 14147 | D:9      | Noticed a vault sentinel
 14180 | D:8      | Killed a vault sentinel
 14234 | D:8      | Killed a vault sentinel
 14403 | D:9      | Found the +18 shield of the Gong {rElec rN+ Will+ EV-5}
 14542 | D:9      | Reached skill level 11 in Long Blades
 14548 | D:9      | Reached XP level 11. HP: 76/92 MP: 11/11
 14729 | D:9      | Found a staircase to the Lair.
 14851 | D:9      | Reached ** piety under Trog
 15053 | D:10     | Entered Level 10 of the Dungeon
 15300 | D:10     | Noticed a two-headed ogre
 15308 | D:10     | Killed a two-headed ogre
 15461 | D:10     | Noticed Josephine
 15471 | D:10     | Killed Josephine
 15617 | D:10     | Found a sparkling altar of Nemelex Xobeh.
 16018 | D:11     | Reached skill level 12 in Long Blades
 16082 | D:11     | Reached *** piety under Trog
 16091 | D:11     | Found a staircase to the Orcish Mines.
 16970 | Orc:1    | Entered Level 1 of the Orcish Mines
 17219 | Orc:2    | Entered Level 2 of the Orcish Mines
 17259 | Orc:2    | Found a staircase to the Elven Halls.
 17505 | Lair:1   | Entered Level 1 of the Lair of Beasts
 17726 | D:9      | Reached XP level 12. HP: 82/102 MP: 12/12
 18003 | Lair:1   | Reached **** piety under Trog
 18033 | Lair:1   | Reached skill level 13 in Long Blades
 18039 | Lair:1   | Noticed Sonja
 18055 | Lair:1   | Killed Sonja
 19509 | Lair:2   | Found a hole to the Spider Nest.
 19525 | Lair:2   | Noticed Maggie
 19532 | Lair:2   | Killed Maggie
 20111 | Lair:3   | Reached skill level 10 in Fighting
 20118 | Lair:3   | Found a gate leading to a gauntlet.
 20124 | Lair:3   | Noticed a four-headed hydra
 20127 | Gauntlet | Entered a Gauntlet
 20127 | Gauntlet | Found a transporter.
 20127 | Gauntlet | Found a transporter.
 20131 | Gauntlet | Found a transporter.
 20131 | Gauntlet | Found a transporter.
 20160 | Gauntlet | Found a transporter.
 20166 | Gauntlet | Found a large runed translucent door.
 20167 | Gauntlet | Found a large runed translucent door.
 20168 | Gauntlet | Found a large runed translucent door.
 20168 | Gauntlet | Found a large runed translucent door.
 20168 | Gauntlet | Found the +8 storm bow {elec, penet}
 20169 | Gauntlet | Found a runed translucent gate.
 20170 | Gauntlet | Found a large runed translucent door.
 20170 | Gauntlet | Found a large runed translucent door.
 20170 | Gauntlet | Found a runed translucent door.
 20171 | Gauntlet | Found a large runed translucent door.
 20172 | Gauntlet | Found a transporter.
 20172 | Gauntlet | Found a runed translucent gate.
 20172 | Gauntlet | Found a transporter.
 20174 | Gauntlet | Found a runed translucent gate.
 20174 | Gauntlet | Found a runed translucent door.
 20174 | Gauntlet | Found the amulet of Vitality {Regen+ HP+15}
 20176 | Gauntlet | Found a large runed translucent door.
 20176 | Gauntlet | Found a large runed translucent door.
 20177 | Gauntlet | Found a large runed translucent door.
 20178 | Gauntlet | Found a large runed translucent door.
 20190 | Gauntlet | Found a large runed translucent door.
 20190 | Gauntlet | Found a large runed translucent door.
 20191 | Gauntlet | Found a large runed translucent door.
 20203 | Gauntlet | Noticed an alligator
 20203 | Gauntlet | a slime creature changed into an alligator
 20204 | Gauntlet | Found a transporter.
 20210 | Gauntlet | Noticed an ice dragon
 20210 | Gauntlet | an alligator changed into an ice dragon
 20214 | Gauntlet | Noticed a satyr
 20250 | Gauntlet | Found a transporter.
 20274 | Gauntlet | Found a transporter.
 20590 | Gauntlet | Found a transporter.
 20698 | Gauntlet | Noticed an anaconda
 20698 | Gauntlet | a shock serpent changed into an anaconda
 20701 | Gauntlet | Identified the +6 plate armour "Zuguomp" {+Blink rN++ Str-3
                  | SInv}
 20701 | Gauntlet | Noticed an ettin
 20704 | Gauntlet | Noticed a fire dragon
 20704 | Gauntlet | an ettin changed into a fire dragon
 20736 | Gauntlet | Noticed a great orb of eyes
 20736 | Gauntlet | a fire dragon changed into a great orb of eyes
 20747 | Gauntlet | Noticed a quicksilver ooze
 20747 | Gauntlet | a great orb of eyes changed into a quicksilver ooze
 20770 | Gauntlet | Noticed a minotaur
 20770 | Gauntlet | a quicksilver ooze changed into a minotaur
 20772 | Gauntlet | Noticed an azure jelly
 20772 | Gauntlet | a minotaur changed into an azure jelly
 20831 | Gauntlet | Noticed a death yak
 20831 | Gauntlet | an azure jelly changed into a death yak
 20832 | Gauntlet | an anaconda changed into a deep troll
 20881 | Gauntlet | Found a large runed translucent door.
 20886 | Gauntlet | Found a transporter.
 20890 | Gauntlet | Found a transporter.
 20892 | Gauntlet | Found a large runed translucent door.
 20927 | Gauntlet | Noticed an entropy weaver
 20927 | Gauntlet | a snapping turtle changed into an entropy weaver
 20931 | Gauntlet | Noticed a broodmother
 20931 | Gauntlet | an entropy weaver changed into a broodmother
 20934 | Gauntlet | a broodmother changed into a wolf spider
 20937 | Gauntlet | Noticed a two-headed ogre
 20937 | Gauntlet | a wolf spider changed into a two-headed ogre
 20946 | Gauntlet | Killed a two-headed ogre
 20947 | Gauntlet | Noticed a yellow draconian
 20947 | Gauntlet | a death yak changed into a yellow draconian
 20967 | Gauntlet | Noticed an emperor scorpion
 20967 | Gauntlet | a yellow draconian changed into an emperor scorpion
 20981 | Gauntlet | HP: 1/103 [emperor scorpion (shapeshifter) (12)]
 20982 | Gauntlet | Slain by an emperor scorpion (shapeshifter)

Illustrated notes

Levels and vault maps discovered:
D:1:      matt_arrival_los_fun, layout_basic,
          dreamdust_ecumenical_altar_angels_and_demons, st_stairs_6,
          minmay_split_cup_large
D:2:      layout_loops_ring, kennysheep_generic_room_5
D:3:      layout_rooms
D:4:      layout_loops_corners, gammafunk_ghost_stat_death, uniq_blork_the_orc
D:5:      layout_loops_ring, nicolae_uskayaw_suspiria
D:6:      layout_basic, uniq_eustachio
D:7:      layout_loops_corners, kennysheep_mini, elyvilon_altar_5,
          minmay_temple_entry_tees
D:8:      layout_basic, mainiacjoe_overflow_catwalk, serial_shops,
          nicolae_shop_overgrown_old_shop
D:9:      kennysheep_six_static_rooms, layout_basic, okawaru_gym_becter,
          grunt_lair_entry_orc_guard_hut, special_room [special_room_bee],
          hellmonk_guarded_unrand_gong, uniq_maurice
D:10:     layout_basic, mainiacjoe_overflow_alcove_1, serial_glass,
          glass_columns_b, glass_columns_b, glass_columns_c, glass_columns_a,
          uniq_josephine
D:11:     layout_irregular_city, david_orc_5
Temple:   eino_temple_scatter_basement
Lair:1:   layout_gridlike, minmay_holes, minivault_23, grunt_megastairs_4,
          uniq_sonja
Lair:2:   hellmonk_destroyed_diamonds, layout_cave_pods,
          spider_nest_entry_rubble, uniq_maggie
Lair:3:   layout_regular_city, minmay_shoals_entry_lonely_mermaid,
          gauntlet_entry_generic, st_stairs_11
Orc:1:    layout_caves
Orc:2:    st_orc_rangers, layout_caves, basic_altar,
          gammafunk_ghost_fury_of_okawaru
Gauntlet: gammafunk_gauntlet_branching [gammafunk_gauntlet_arena_spirals,
          gammafunk_gauntlet_arena_grid, gammafunk_gauntlet_arena_hedges,
          gammafunk_gauntlet_arena_corners, nicolae_gauntlet_arena_blocks,
          nicolae_gauntlet_arena_t_cross,
          minmay_gauntlet_arena_make_your_own_arena,
          gammafunk_gauntlet_arena_open, gauntlet_exit_green]

Skill      XL: |  1  2  3  4  5  6  7  8  9 10 11 12 |
---------------+-------------------------------------+-----
Long Blades    | 3 4 5 6 7 9 11 12 13 | 13.7
Armour         | 3 4 5 6 7 8 |  8.6
Shields        | 3 4 5 6 7 8 |  8.5
Fighting       | 4 5 6 7 8 9 10 | 10.2

Action                   |  1- 3 |  4- 6 |  7- 9 | 10-12 || total
-------------------------+-------+-------+-------+-------++-------
Melee: Long sword        |   130 |   172 |   326 |   706 ||  1334
       Tailslap          |     9 |    20 |    65 |   118 ||   212
Invok: Berserk           |       |       |       |    10 ||    10
 Abil: Rolling Charge    |     6 |     5 |     1 |     1 ||    13
  Use: Scroll            |       |     4 |       |    10 ||    14
       Potion            |       |     1 |     4 |     9 ||    14
 Stab: Invisible         |       |       |       |     1 ||     1
Armor: Scale mail        |    67 |    47 |       |       ||   114
       Chain mail        |       |    71 |   115 |       ||   186
       Leather armour    |       |       |    63 |   110 ||   173
       Skin              |       |       |     8 |       ||     8
       Plate armour      |       |       |       |   121 ||   121
Dodge: Dodged            |    61 |    69 |   114 |    86 ||   330
Block: Buckler           |    25 |    37 |    89 |    57 ||   208
       Kite shield       |       |       |       |   710 ||   710

Table legend: (Time is in decaauts)
 A = Elapsed time spent in this place.
 B = Non-inter-level travel time spent in this place.
 C = Inter-level travel time spent in this place.
 D = Time resting spent in this place.
 E = Time spent auto-exploring this place.
 F = Levels seen in this place.
 G = Mean time per level.
                   A        B        C        D        E       F      G
               +--------+--------+--------+--------+--------+-----+--------+
         Total |  21122 |  20546 |    576 |   6234 |  10624 |  18 | 1173.4 |
       Dungeon |  17188 |  16741 |    447 |   5523 |   8638 |  11 | 1562.5 |
        Temple |    568 |    559 |      9 |    167 |    109 |   1 |  568.0 |
          Lair |   2017 |   1921 |     96 |      0 |   1587 |   3 |  672.3 |
  Orcish Mines |    474 |    450 |     24 |     64 |    288 |   2 |  237.0 |
      Gauntlet |    874 |    874 |      0 |    480 |      2 |   1 |  874.0 |
               +--------+--------+--------+--------+--------+-----+--------+

Top non-repeatable levels by time:
     D:8: 2794 daAuts
     D:9: 2433 daAuts
     D:6: 2097 daAuts
     D:5: 1866 daAuts
     D:1: 1446 daAuts
     D:2: 1425 daAuts
     D:4: 1336 daAuts
     D:7: 1224 daAuts
    D:11: 1042 daAuts
  Lair:2: 993 daAuts
  Lair:1: 987 daAuts
    D:10: 900 daAuts
Gauntlet: 874 daAuts
     D:3: 620 daAuts
  Temple: 568 daAuts
